 Dungeon Crawl Stone Soup version 0.26.0-18-gc5c842f807 (webtiles) character file.

Game seed: 4452044263040099960

312 kaeus the Firebug (level 6, 0/32 HPs)
             Began as a Gargoyle Fire Elementalist on Jan 22, 2021.
             Was an Initiate of the Shining One.
             Slain by Edmund
             ... wielding a +1 flail of protection
              (5 damage)
             ... on level 3 of the Dungeon.
             The game lasted 00:05:07 (5013 turns).

kaeus the Firebug (Gargoyle Fire Elementalist)      Turns: 5013, Time: 00:05:08

Health: 0/32       AC:  7    Str: 12    XL:     6   Next: 42%
Magic:  2/10       EV: 14    Int: 17    God:    the Shining One [......]
Gold:   247        SH:  3    Dex: 10    Spells: 10/11 levels left

rFire    + . .     SeeInvis .   e - +0 spear
rCold    x . .     Faith    .   l - +0 buckler
rNeg     + . .     Spirit   .   m - +0 leather armour
rPois    ∞         Reflect  .   (no helmet)
rElec    +         Harm     .   (no cloak)
rCorr    .         Rampage  .   (no gloves)
Will     .....                  (no boots)
Stlth    +.........             (no amulet)
HPRegen  0.10/turn              i - +4 ring of evasion
MPRegen  0.12/turn              j - ring of fire

@: glowing
A: negative energy resistance 1, electricity resistance, unbreathing,
petrification resistance, miasma immunity, AC +4
a: Renounce Religion


You were on level 3 of the Dungeon.
You worshipped the Shining One.
The Shining One was noncommittal.
You visited 1 branch of the dungeon, and saw 4 of its levels.

You collected 247 gold pieces.

Inventory:

Hand Weapons
 e - a +0 spear (weapon)
Armour
 l - a +0 buckler (worn)
 m - a +0 leather armour (worn)
 p - a +0 ring mail of willpower
Jewellery
 i - a +4 ring of evasion (left hand)
 j - a ring of fire (right hand)
 q - a cursed -4 ring of strength {unknown}
 r - a +4 ring of protection {unknown}
 t - an uncursed ring of positive energy {unknown}
Scrolls
 b - a scroll of amnesia {unknown}
 d - a scroll of magic mapping {unknown}
 f - 2 scrolls of noise {unknown}
 g - 3 scrolls of remove curse {unknown}
 k - 6 scrolls of identify {unknown}
 n - a scroll of enchant weapon {unknown}
 s - a scroll of fog {unknown}
 w - a scroll of teleportation {unknown}
Potions
 a - a potion of berserk rage
 c - a potion of ambrosia {unknown}
 o - a potion of heal wounds {unknown}
 u - a potion of flight {unknown}
 v - a potion of attraction {unknown}
 x - a potion of degeneration {unknown}


   Skills:
 + Level 2.9 Armour
 - Level 1.5 Dodging
 - Level 2.1 Stealth
 + Level 3.2 Spellcasting
 + Level 3.3 Conjurations
 * Level 4.7 Fire Magic


You had 10 spell levels left.
You knew the following spells:

 Your Spells              Type           Power        Failure   Level
a - Foxfire               Conj/Fire      96%          7%          1

Your spell library contained the following spells:

 Spells                   Type           Power        Failure   Level
 Conjure Flame            Conj/Fire      24%          22%         3
 Inner Flame              Hex/Fire       16%          38%         3
 Sticky Flame             Conj/Fire      24%          56%         4
 Fireball                 Conj/Fire      12%          89%         5


Dungeon Overview and Level Annotations

Branches:
Dungeon (4/15)
 Temple: D:4-7

Altars:
Ashenzari
Elyvilon
Zin
The Shining One

Annotations:
D:3 Edmund
D:4 Menkaure


Innate Abilities, Weirdness & Mutations

You are resistant to torment.
Your stone body is resilient. (AC +4)
You are immune to poison.
You resist negative energy. (rN+)
You are resistant to electric shocks. (rElec)
You can survive without breathing.
You are immune to petrification.
You are immune to miasma.


Message History

You take 10 damage, and have 11/32 hp.
MASSIVE DAMAGE!!
You barely miss Edmund.
Edmund is heavily wounded.
The foxfire hits Edmund but does no damage.
Edmund is heavily wounded.
The foxfire hits Edmund but does no damage.
Edmund is heavily wounded.
Edmund hits you with a +1 flail of protection.
* * * LOW HITPOINT WARNING * * *
You take 4 damage, and have 7/32 hp.
You hit Edmund but do no damage.
Edmund is heavily wounded.
Edmund hits you with a +1 flail of protection.
* * * LOW HITPOINT WARNING * * *
You take 2 damage, and have 5/32 hp.
You hit Edmund but do no damage.
Edmund is heavily wounded.
Edmund is no longer berserk.
Edmund closely misses you.
Edmund hits you with a +1 flail of protection.
You die...

###########'###.#
#.♣♣♣♣♣..♣♣..
#......##.#
#............
#......##.#
##########...
#.......#.# #...
#.......#.##########
#...
#######.#..........#
###'
#...............# #.
#...............# #.
#.....@....###### #.
#......@...# #.
###........# #.
#........# #.
#........# #.
#........# #.
#........# #.
#........# #.
########## #.


You could see Edmund (slow).

Vanquished Creatures
  A phantom (D:4)
  A howler monkey (D:4)
  2 worker ants (D:4)
  3 gnolls
  An adder (D:2)
  An ooze (D:2)
  3 worms
  2 dart slugs (D:1)
  A leopard gecko (D:4)
  4 orcs
  10 bats
  2 giant cockroaches (D:2)
  8 goblins
  9 hobgoblins
  7 jackals (D:2)
  7 frilled lizards
  11 kobolds
  A leopard gecko zombie (D:3)
  12 rats
86 creatures vanquished.

Vanquished Creatures (others)
  243 foxfires
243 creatures vanquished.

Grand Total: 329 creatures vanquished

Notes
Turn   | Place    | Note
-------+----------+-------------------------------------------
     0 | D:1      | kaeus the Gargoyle Fire Elementalist began the quest for
                  | the Orb.
     0 | D:1      | Reached XP level 1. HP: 10/10 MP: 3/3
   435 | D:1      | Reached XP level 2. HP: 15/15 MP: 5/5
   756 | D:1      | Reached skill level 1 in Armour
   935 | D:1      | Reached XP level 3. HP: 19/19 MP: 6/6
  1337 | D:2      | Found a white marble altar of Elyvilon.
  1338 | D:2      | Found a broken altar of Ashenzari.
  2255 | D:2      | Found a glowing silver altar of Zin.
  2285 | D:2      | Reached XP level 4. HP: 19/24 MP: 7/7
  2425 | D:2      | Found a glowing golden altar of the Shining One.
  2755 | D:2      | Became a worshipper of the Shining One
  3368 | D:3      | Found a faded altar of an unknown god.
  3704 | D:3      | Reached XP level 5. HP: 27/28 MP: 3/9
  4363 | D:4      | Reached skill level 4 in Fire Magic
  4578 | D:4      | Noticed a phantom
  4599 | D:4      | Killed a phantom
  4600 | D:4      | Reached XP level 6. HP: 32/32 MP: 1/10
  4713 | D:4      | Noticed Menkaure
  4715 | D:4      | Noticed Edmund
  5013 | D:3      | Slain by Edmund

Illustrated notes

Levels and vault maps discovered:
D:1:      dpeg_arrival_ratfight, layout_loops_ring
D:2:      layout_loops_corners, tso_metal_star, gammafunk_temple_overflow_pools,
          overflow_temple_1_default
D:3:      layout_basic, chequers_ecumenical_altar_grove
D:4:      layout_cave_pods, dk_noncrumbling_3, uniq_edmund, uniq_menkaure

Skill      XL: |  1  2  3  4  5 |
---------------+----------------+-----
Armour         | 1 2 |  2.9
Conjurations   | 2 3 |  3.3
Fire Magic     | 4 |  4.7
Spellcasting   | 3 |  3.2
Dodging        | |  1.5
Stealth        | |  2.1

Action                   |  1- 3 |  4- 6 || total
-------------------------+-------+-------++-------
Melee: Mace              |     7 |       ||     7
       Spear             |    86 |   116 ||   202
 Cast: Foxfire           |    69 |    90 ||   159
  Use: Potion            |       |     3 ||     3
 Stab: Sleeping          |     1 |       ||     1
Armor: Robe              |     5 |       ||     5
       Leather armour    |    22 |    24 ||    46
       Ring mail         |       |     8 ||     8
Dodge: Dodged            |    58 |    87 ||   145
Block: Buckler           |    10 |    18 ||    28
